 Dungeon Crawl Stone Soup version 0.30-a0-1157-g2cc9ac7196 (webtiles) character file.

Game seed: 14623918938098768529

99 Pooter the Chopper (level 4, -4/41 HPs)
             Began as a Minotaur Berserker on Apr 24, 2023.
             Was a Follower of Trog.
             Slain by Sigmund
             ... wielding a +0 vampiric scythe
              (7 damage)
             ... on level 2 of the Dungeon.
             The game lasted 00:07:17 (1515 turns).

Pooter the Chopper (Minotaur Berserker)             Turns: 1515, Time: 00:07:18

Health: -4/41      AC:  6    Str: 24    XL:     4   Next: 45%
Magic:  3/3        EV:  7    Int:  4    God:    Trog [*.....]
Gold:   72         SH:  0    Dex:  9    Spells: 3/3 levels left

rFire   . . .        a - +0 hand axe
rCold   . . .        (no shield)
rNeg    . . .        m - +0 scale mail
rPois   .            (helmet restricted)
rElec   .            (no cloak)
rCorr   .            (no gloves)
SInv    .            (no boots)
Will    .....        (no amulet) Stlth
                     (no ring)
HPRegen 0.26/turn    (no ring)
MPRegen 0.08/turn

%: no passive effects
@: grasped by roots, on berserk cooldown, slowed, constricted, very slow
A: horns 2, retaliatory headbutt
a: Renounce Religion, Berserk


You were on level 2 of the Dungeon.
You worshipped Trog.
Trog was aware of your devotion.
You visited 1 branch of the dungeon, and saw 2 of its levels.

You collected 72 gold pieces.

Inventory:

Hand Weapons
 a - a +0 hand axe (weapon)
 b - a +0 sling
   (You found it on level 1 of the Dungeon)
Missiles
 Q - 8 stones (quivered)
Armour
 m - a +0 scale mail (worn)
   (You took it off Terence on level 2 of the Dungeon)
Wands
 f - a wand of flame (14)
   (You took it off Terence on level 2 of the Dungeon)
Scrolls
 d - a scroll of teleportation {unknown}
 g - a scroll of blinking {unknown}
 h - a scroll of noise {unknown}
 i - a scroll of identify {@r1}
 j - a scroll of poison {!r}
 l - a scroll of brand weapon {unknown}
Potions
 c - 3 potions of curing {@q1}
 k - a potion of haste {unknown}


   Skills:
 + Level 4.5 Fighting
 * Level 5.2 Axes
 * Level 1.8 Ranged Weapons
 - Level 2.4 Armour
 - Level 2.1 Dodging


You had 3 spell levels left.
You didn't know any spells.
Your spell library was empty.

Dungeon Overview and Level Annotations

Branches:
Dungeon (2/15)

Altars:

Annotations:
D:2 Sigmund


Innate Abilities, Weirdness & Mutations

You have a pair of horns on your head.
You reflexively headbutt those who attack you in melee.


Message History

Sigmund flickers and vanishes!
Deactivating autopickup; reactivate with Ctrl-A.
You are constricted.
You escape the roots grasp.
You feel a strong urge to attack something.
You slash something!
You hear some strange, mumbled words.
You are confused.
You're too confused to move!
You hear a zap.
The roots erupt in riotous growth!
The grasping roots grab you!
You are constricted.
The roots grasp on you weakens, but your attempt to escape fails.
You feel a strong urge to attack something.
You are no longer berserk.
You are exhausted.
You feel yourself slow down.
You barely miss something. Something hits you.
You are constricted.
The grasping roots release their grip on you.
You hear some strange, mumbled words.
A magic dart appears from out of thin air!
The magic dart hits you. Something hits you!
You miss something. Your headbutt misses something.
You feel less confused. Something hits you.
* * * LOW HITPOINT WARNING * * *
You hit something but do no damage. Something hits you.
* * * LOW HITPOINT WARNING * * *
You barely miss something.
You hear a zap.
The roots erupt in riotous growth!
The grasping roots grab you!
You are constricted.
* * * LOW HITPOINT WARNING * * *
You miss something. Your headbutt misses something. Something hits you!
* * * LOW HITPOINT WARNING * * *
You are constricted.
You barely miss something.
You hear some strange, mumbled words.
Something tries to affect you, but you resist.
You are constricted.
* * * LOW HITPOINT WARNING * * *
Something hits you!
You die...

##. ##.## #>. ##...##
#.. ##.....## #.#
#.†.....# #.# #.....#
#.## ##...## #..##
##..##
#...###########...####..
...............{@....'..
#...###########...####..
#..#### ##.## ......#
#.# #.###.# #.# #..##.#
#.# ##.##.# #.# ##.##.#
... ##.##.# #.#


There were no monsters in sight!

Vanquished Creatures
  Jessica (D:2)
  Terence (D:2)
  A gnoll (D:1)
  A worm (D:2)
  3 dart slugs (D:1)
  An endoplasm (D:1)
  3 giant cockroaches
  2 goblins (D:1)
  4 hobgoblins
  2 kobolds (D:1)
  3 quokkas
  2 ball pythons (D:2)
  5 frilled lizards
  2 rats
31 creatures vanquished.

Notes
Turn   | Place    | Note
-------+----------+-------------------------------------------
     0 | D:1      | Pooter the Minotaur Berserker began the quest for the Orb.
     0 | D:1      | Reached XP level 1. HP: 19/19 MP: 0/0
   110 | D:1      | Reached skill level 4 in Axes
   137 | D:1      | Reached XP level 2. HP: 25/27 MP: 1/1
   331 | D:1      | Found a faded altar of an unknown god.
   414 | D:1      | Reached XP level 3. HP: 24/33 MP: 2/2
  1024 | D:2      | Noticed Sigmund
  1193 | D:2      | Noticed Terence
  1201 | D:2      | Killed Terence
  1202 | D:2      | Reached skill level 5 in Axes
  1202 | D:2      | Reached skill level 1 in Ranged Weapons
  1285 | D:2      | Reached XP level 4. HP: 41/41 MP: 3/3
  1356 | D:2      | Noticed Jessica
  1367 | D:2      | Reached ** piety under Trog
  1369 | D:2      | Killed Jessica
  1515 | D:2      | Slain by Sigmund

Illustrated notes

Levels and vault maps discovered:
D:1:      kennysheep_arrival_forest, layout_basic,
          hellmonk_ecumenical_altar_zigzags, minmay_cut_off
D:2:      layout_loops_corners, minivault_25, uniq_terence, uniq_jessica,
          uniq_sigmund

Skill      XL: |  1  2  3 |
---------------+----------+-----
Axes           | 4 5 |  5.2
Fighting       | 4 |  4.5
Ranged Weapons | 1 |  1.8
Armour         | |  2.4
Dodging        | |  2.1

Action                     |  1- 3 |  4- 6 || total
---------------------------+-------+-------++-------
  Melee: Hand axe          |    49 |    14 ||    63
         Headbutt          |    13 |     2 ||    15
   Fire: Sling             |    14 |     9 ||    23
  Throw: Stone             |     8 |       ||     8
 Invoke: Berserk           |     2 |     2 ||     4
    Use: Scroll            |     2 |       ||     2
 Armour: Animal skin       |     2 |       ||     2
         Scale mail        |     1 |     4 ||     5
  Dodge: Dodged            |    20 |     3 ||    23

Table legend: (Time is in decaauts)
 A = Elapsed time spent in this place.
 B = Non-inter-level travel time spent in this place.
 C = Inter-level travel time spent in this place.
 D = Time resting spent in this place.
 E = Time spent auto-exploring this place.
 F = Levels seen in this place.
 G = Mean time per level.
                   A        B        C        D        E       F      G
               +--------+--------+--------+--------+--------+-----+--------+
         Total |   1556 |   1506 |     50 |    168 |   1078 |   2 |  778.0 |
       Dungeon |   1556 |   1506 |     50 |    168 |   1078 |   2 |  778.0 |
               +--------+--------+--------+--------+--------+-----+--------+

Top non-repeatable levels by time:
     D:1: 1065 daAuts
     D:2: 490 daAuts
